 Dungeon Crawl Stone Soup version 0.31-a0-202-g547052bce9 (webtiles) character file.

Game seed: 11441517717441788685

101 qw the Shooter (level 4, -2/25 HPs)
             Began as a Deep Elf Hunter on June 26, 2023.
             Was an Initiate of Okawaru.
             Succumbed to an orc's poison
             ... on level 4 of the Dungeon.
             The game lasted 00:00:53 (2553 turns).

qw the Shooter (Deep Elf Hunter)                    Turns: 2553, Time: 00:00:53

Health: -2/25      AC:  6    Str: 10    XL:     4   Next: 48%
Magic:  6/6        EV: 11    Int: 14    God:    Okawaru [......]
Gold:   71         SH:  0    Dex: 18    Spells: 3/3 levels left

rFire   . . .        Y - +1 shortbow
rCold   . . .        (shield currently unavailable)
rNeg    . . .        g - +0 ring mail
rPois   .            (no helmet)
rElec   .            c - +0 cloak
rCorr   .            (no gloves)
SInv    .            (no boots)
Will    .....        (no amulet)
Stlth   +            (no ring)
HPRegen 0.24/turn    (no ring)
MPRegen 0.10/turn

%: no passive effects
@: lethally poisoned (-2 -> -12), about to teleport
A: no striking features
a: Renounce Religion


You were on level 4 of the Dungeon.
You worshipped Okawaru.
Okawaru was noncommittal.
You visited 1 branch of the dungeon, and saw 4 of its levels.

You collected 71 gold pieces.


   Skills:
 - Level 1.5 Fighting
 + Level 7.9 Ranged Weapons
 - Level 2.4 Dodging
 - Level 1.2 Stealth


You had 3 spell levels left.
You didn't know any spells.
Your spell library was empty.

Inventory:

Hand Weapons
 Y - a +1 shortbow (weapon)
Armour
 c - a +0 cloak (worn)
 d - a +0 leather armour of poison resistance
 g - a +0 ring mail (worn)
Jewellery
 b - an amulet of faith
Scrolls
 e - 2 scrolls of identify
Potions
 i - a potion of attraction {unknown}
 k - a potion of haste {unknown}
 l - 3 potions of curing

Dungeon Overview and Level Annotations

Branches:
Dungeon (4/15)
 Temple: D:4-7

Altars:
Kikubaaqudgha
Okawaru


Message History

You shoot an arrow. The arrow hits the orc.
The orc is moderately wounded.
The orc hits you but does no damage.
You are poisoned.
The orc closely misses you.
You shoot an arrow. The arrow completely misses the orc.
You feel sick. The orc hits you but does no damage.
You are more poisoned.
The orc closely misses you.
You shoot an arrow.
The arrow hits the orc but does no damage.
The orc is moderately wounded.
You feel very sick. The orc barely misses you.
The orc hits you with a +0 short sword.
You shoot an arrow. The arrow hits the orc.
The orc is moderately wounded.
You feel very sick. The orc barely misses you.
The orc hits you with a +0 short sword.
You shoot an arrow.
The arrow hits the orc but does no damage.
The orc is moderately wounded.
You feel very sick.
The orc hits you with a +1 dagger of venom.
The orc barely misses you.
You shoot an arrow. The arrow hits the orc.
The orc is severely wounded.
You feel sick.
The orc hits you with a +1 dagger of venom.
The orc hits you but does no damage. x2
You are lethally poisoned!
The orc hits you with a +0 short sword.
2552 ||| READING scroll of teleportation.
As you read the scroll of teleportation, it crumbles to dust.
You feel strangely unstable.
You feel very sick. The orc barely misses you. The orc misses you.
You shoot an arrow. The arrow hits the orc.
You kill the orc!
Okawaru accepts your kill.
You die...

#.#.#..# #.#
#....#.#.#..###.######
#....#.#.#............
....#.#.#...##.######
...#.............#
).#.#.....##.##.#
######.#.#.#......# #
......o###.#.#.##.#
#....)@.......##.#
...........###.##.#
##.....###.# ..##.#
#####. #.# #.#### ..
#.# #.# ... ### #.#
###. #.. #.


You could see an orc.

Vanquished Creatures
  Ijyb (D:4)
  2 adders (D:3)
  2 worms
  A dart slug (D:4)
  3 orcs
  4 bats
  6 endoplasms
  A giant cockroach (D:4)
  5 goblins
  6 hobgoblins
  A quokka (D:3)
  5 ball pythons
  5 frilled lizards
  4 kobolds
  3 rats (D:2)
49 creatures vanquished.

Notes
Turn   | Place    | Note
-------+----------+-------------------------------------------
     0 | D:1      | qw the Deep Elf Hunter began the quest for the Orb.
     0 | D:1      | Reached XP level 1. HP: 12/12 MP: 3/3
     0 | D:1      | 0 ||| qw: Version: 0.3-a-22-g0ed2b0b
     0 | D:1      | 0 ||| qw: Game counter: 5996
     0 | D:1      | 0 ||| qw: Melee chars always use a shield: true
     0 | D:1      | 0 ||| qw: God list: Okawaru
     0 | D:1      | 0 ||| qw: Allow faded altars: false
     0 | D:1      | 0 ||| qw: Do Orc after clearing Dungeon:15 true
     0 | D:1      | 0 ||| qw: Do second Lair branch before Depths: true
     0 | D:1      | 0 ||| qw: Lair rune preference: random
     0 | D:1      | 0 ||| qw: Goals: Normal
     0 | D:1      | 0 ||| PLANNING D:1-11
   159 | D:1      | Reached XP level 2. HP: 13/16 MP: 4/4
   161 | D:1      | Reached skill level 6 in Ranged Weapons
   161 | D:1      | 161 ||| FLEEEEING.
   680 | D:1      | 680 ||| UPGRADING to +0 ring mail.
   690 | D:1      | 690 ||| DROPPING +0 leather armour.
   691 | D:1      | 691 ||| READING scroll labelled VELODE JOUMPOO.
   692 | D:1      | 692 ||| READING 2 scrolls labelled WATRATOSEX.
   693 | D:1      | 693 ||| READING scroll labelled SECHUA XA IXEBI.
   694 | D:1      | 694 ||| READING scroll labelled WURURR XAOS.
   699 | D:1      | 699 ||| READING scroll labelled ZIBRIERAPE.
   729 | D:1      | 729 ||| READING scroll labelled WOKHLU MUNIA.
   730 | D:1      | 730 ||| DRINKING 2 glowing emerald potions.
   731 | D:1      | 731 ||| DROPPING scroll of butterflies.
  1158 | D:2      | Reached XP level 3. HP: 11/20 MP: 5/5
  1526 | D:2      | 1526 ||| READING scroll labelled OVEAFFI CA YJA.
  1687 | D:3      | Found an iron altar of Okawaru.
  1687 | D:3      | Found an ancient bone altar of Kikubaaqudgha.
  1688 | D:3      | 1688 ||| PLANNING OKAWARU WORSHIP
  1688 | D:3      | 1688 ||| READING scroll labelled NOAV JAUBLU.
  1695 | D:3      | Became a worshipper of Warmaster Okawaru
  1696 | D:3      | 1696 ||| PLANNING D:1-11
  1812 | D:3      | Reached skill level 7 in Ranged Weapons
  1926 | D:3      | Found a faded altar of an unknown god.
  2002 | D:3      | HP: 5/20 [poisoned by an adder]
  2305 | D:3      | 2305 ||| UPGRADING to +0 cloak.
  2310 | D:3      | 2310 ||| READING 3 scrolls labelled SYJOPT RAZAL.
  2311 | D:3      | 2311 ||| READING 2 scrolls of identify.
  2311 | D:3      | 2311 ||| IDENTIFYING viscous brown potion
  2312 | D:3      | 2312 ||| DROPPING 2 scrolls of fear.
  2313 | D:3      | 2313 ||| DROPPING potion of ambrosia.
  2334 | D:4      | 2334 ||| PLANNING OSSUARY
  2358 | D:4      | Reached XP level 4. HP: 25/25 MP: 6/6
  2452 | D:4      | Noticed Ijyb
  2457 | D:4      | 2457 ||| FLEEEEING.
  2458 | D:4      | 2458 ||| FLEEEEING.
  2460 | D:4      | 2460 ||| FLEEEEING.
  2461 | D:4      | 2461 ||| FLEEEEING.
  2462 | D:4      | 2462 ||| FLEEEEING.
  2463 | D:4      | 2463 ||| FLEEEEING.
  2464 | D:4      | 2464 ||| FLEEEEING.
  2465 | D:4      | 2465 ||| FLEEEEING.
  2466 | D:4      | 2466 ||| FLEEEEING.
  2467 | D:4      | 2467 ||| FLEEEEING.
  2468 | D:4      | 2468 ||| FLEEEEING.
  2469 | D:4      | 2469 ||| FLEEEEING.
  2470 | D:4      | 2470 ||| FLEEEEING.
  2471 | D:4      | 2471 ||| FLEEEEING.
  2472 | D:4      | 2472 ||| FLEEEEING.
  2473 | D:4      | 2473 ||| FLEEEEING.
  2474 | D:4      | 2474 ||| FLEEEEING.
  2475 | D:4      | 2475 ||| FLEEEEING.
  2476 | D:4      | 2476 ||| FLEEEEING.
  2478 | D:4      | 2478 ||| FLEEEEING.
  2493 | D:4      | Killed Ijyb
  2551 | D:4      | HP: 5/25 [orc/+0 short sword (2)]
  2552 | D:4      | 2552 ||| READING scroll of teleportation.
  2552 | D:4      | HP: 1/25 [poisoned by an orc]
  2553 | D:4      | Succumbed to an orc's poison

Levels and vault maps discovered:
D:1:      amcnicky_arrival_double_pillar, layout_basic, st_stairs_8
D:2:      layout_loops_corners
D:3:      layout_loops_cross, gammafunk_temple_overflow_pools,
          dreamdust_ecumenical_altar_statues
D:4:      layout_basic, minmay_temple_entry_wispy,
          nicolae_ossuary_entry_monument, kennysheep_generic_room_6,
          uniq_edmund, uniq_ijyb

Skill      XL: |  1  2  3 |
---------------+----------+-----
Ranged Weapons | 6 7 |  7.9
Fighting       | |  1.5
Dodging        | |  2.4
Stealth        | |  1.2

Action                     |  1- 3 |  4- 6 || total
---------------------------+-------+-------++-------
   Fire: Shortbow          |   124 |    36 ||   160
    Use: Scroll            |    10 |     1 ||    11
         Potion            |     1 |       ||     1
 Armour: Leather armour    |     5 |       ||     5
         Ring mail         |    15 |     4 ||    19
         Skin              |       |     5 ||     5
  Dodge: Dodged            |    28 |     9 ||    37

Table legend:
 A = Non-vault XP
 B = Vault XP
 C = Vault XP percentage of total XP
 D = Non-vault monster count
 E = Vault monster count
 F = Vault count percentage of total count
                 A         B        C        D         E       F
            +---------+---------+-------+---------+---------+-------
      Total |     100 |      48 |  32.4 |      44 |       5 |  10.2
            +---------+---------+-------+---------+---------+-------
        D:1 |      22 |       2 |   8.3 |      13 |       1 |   7.1
        D:2 |      22 |       0 |   0.0 |      14 |       0 |   0.0
        D:3 |      48 |       0 |   0.0 |      14 |       0 |   0.0
        D:4 |       8 |      46 |  85.2 |       3 |       4 |  57.1
            +---------+---------+-------+---------+---------+-------
